 Dungeon Crawl Stone Soup version 0.22.1-2-g9c5b331 (webtiles) character file.

263 colophon the Sneak (level 6, -3/36 HPs)
             Began as a Kobold Enchanter on Jan 7, 2019.
             Slain by a gnoll
             ... wielding a +0 whip
              (10 damage)
             ... on level 3 of the Dungeon.
             The game lasted 00:19:09 (4480 turns).

colophon the Sneak (Kobold Enchanter)               Turns: 4480, Time: 00:19:10

Health: -3/36      AC:  2    Str:  5    XL:     6   Next: 43%
Magic:  1/10       EV: 17    Int: 16    God:
Gold:   190        SH:  0    Dex: 18    Spells: 5/11 levels left

rFire    . . .     SeeInvis .   a - +1 dagger
rCold    . . .     Gourm    .   (shield restricted)
rNeg     . . .     Faith    .   b - +0 robe
rPois    .         Spirit   .   (no helmet)
rElec    .         Reflect  .   (no cloak)
rCorr    .         Harm     .   (no gloves)
MR       .....                  (no boots)
Stlth    +++.......             (no amulet)
HPRegen  0.12/turn              (no ring)
MPRegen  0.12/turn              (no ring)

@: no status effects
A: small, carnivore
a: no special abilities


You were on level 3 of the Dungeon.
You were very full.

You visited 1 branch of the dungeon, and saw 4 of its levels.

You collected 190 gold pieces.

Inventory:

Hand Weapons
 a - a +1 dagger (weapon)
 s - a +5 short sword
Missiles
 o - 57 bolts
Armour
 b - a +0 robe (worn)
Jewellery
 k - an uncursed amulet of faith {unknown}
Scrolls
 e - 3 scrolls of identify {unknown}
 f - 4 scrolls of remove curse {unknown}
 h - a scroll of magic mapping {unknown}
 m - 2 scrolls of enchant armour {unknown}
 n - a scroll of amnesia {unknown}
 p - a scroll of fog {unknown}
 t - a scroll of fear {unknown}
Potions
 c - 2 potions of flight {unknown}
 g - a potion of magic {unknown}
 i - 3 potions of curing {unknown}
 j - 2 potions of might {unknown}
 l - a potion of degeneration {unknown}
 r - a potion of agility {unknown}
Comestibles
 d - 2 rations
 q - 3 chunks of flesh


   Skills:
 + Level 2.5 Fighting
 + Level 3.6 Short Blades
 + Level 3.9 Dodging
 + Level 5.6 Stealth
 - Level 3.0 Spellcasting
 - Level 3.0 Hexes
 + Level 1.2 Ice Magic


You had 5 spell levels left.
You knew the following spells:

 Your Spells              Type           Power        Failure   Level  Hunger
a - Corona                Hex            ##.....      5%          1    #......
b - Ensorcelled Hibernat  Hex/Ice        #.....       12%         2    ##.....
c - Confuse               Hex            ##......     16%         3    ###....

Your spell library contained the following spells:

 Spells                   Type           Power        Failure   Level  Hunger
 Tukima's Dance           Hex            ##......     16%         3    ###....
 Dazzling Spray           Conj/Hex       #.....       30%         3    ###....


Dungeon Overview and Level Annotations

Branches:
Dungeon (4/15)
 Temple: D:4-7

Altars:
Hepliaklqana
Qazlal
Vehumet


Innate Abilities, Weirdness & Mutations

You are small and have problems with some larger weapons.
You are carnivorous and can eat meat at any time.


Message History

The gnoll hits you with a whip.
You barely miss the gnoll.
The gnoll is heavily wounded.
The gnoll completely misses you.
You hit the gnoll.
The gnoll is severely wounded.
The gnoll hits you with a whip!
You hit the gnoll but do no damage.
The gnoll is severely wounded.
The gnoll hits you with a whip.
* * * LOW HITPOINT WARNING * * *
The hobgoblin shouts!
You hit the gnoll but do no damage.
The gnoll is severely wounded.
The gnoll hits you with a whip.
* * * LOW HITPOINT WARNING * * *
You barely miss the gnoll.
The gnoll is severely wounded.
The gnoll hits you with a whip!
You die...

#.#.# #. #.#.# #.# #.#.# #.#.#
#.# #.#.# #.#.# #.# #.#.# #
#...####.####### #.#.#####.
##.............# #.#......
#...####.####.# ##.#.##.#####
#...####'####.#
).......#...######)#.#≈≈≈(≈≈≈#.#
##.#....#.g..(.g@..#.#≈.†.(.≈#.#
.(..........########.#≈.###.≈#.#
.###.......## #.+..# #(.'.# )#
#.......# #.#≈.###.≈###
.###......## #.#≈.....≈#
.÷........# #.#≈≈≈.≈≈≈#
#####...#.# #.####'#### .##
#####.# #......# #.## #.#
#.######


You could see a gnoll and a hobgoblin.

Vanquished Creatures
  A sky beast (D:3)
  7 gnolls
  3 adders
  An ooze (D:2)
  A dart slug (D:3)
  4 leopard geckos
  A ball python (D:2)
  6 bats
  3 giant cockroaches
  6 goblins
  3 hobgoblins
  5 jackals
  15 kobolds
  2 quokkas
  4 frilled lizards
  A jackal skeleton (D:3)
  10 rats
  A plant (D:1)
74 creatures vanquished.

Notes
Turn   | Place    | Note
-------+----------+-------------------------------------------
     0 | D:1      | colophon the Kobold Enchanter began the quest for the Orb.
     0 | D:1      | Reached XP level 1. HP: 10/10 MP: 3/3
   233 | D:1      | Reached XP level 2. HP: 10/16 MP: 3/5
   237 | D:1      | Learned a level 2 spell: Ensorcelled Hibernation
   994 | D:1      | Reached XP level 3. HP: 20/20 MP: 1/6
  1072 | D:1      | Reached skill level 1 in Fighting
  1926 | D:2      | Found a stormy altar of Qazlal.
  1934 | D:2      | Found a radiant altar of Vehumet.
  1949 | D:2      | Found a hazy altar of Hepliaklqana.
  2044 | D:2      | Reached XP level 4. HP: 25/25 MP: 6/8
  2802 | D:2      | Found a faded altar of an unknown god.
  2929 | D:3      | Learned a level 3 spell: Confuse
  3231 | D:3      | Reached skill level 5 in Stealth
  3231 | D:3      | Reached XP level 5. HP: 30/30 MP: 4/9
  4098 | D:3      | Noticed a sky beast
  4107 | D:3      | Killed a sky beast
  4107 | D:3      | Reached skill level 1 in Ice Magic
  4107 | D:3      | Reached XP level 6. HP: 27/36 MP: 7/10
  4480 | D:3      | Slain by a gnoll

Skill      XL: |  1  2  3  4  5 |
---------------+----------------+-----
Short Blades   | 2 3 |  3.6
Fighting       | 1 2 |  2.5
Dodging        | 3 |  3.9
Stealth        | 5 |  5.6
Spellcasting   | 3 |  3.0
Ice Magic      | 1 |  1.2
Hexes          | |  3.0

Action                   |  1- 3 |  4- 6 || total
-------------------------+-------+-------++-------
Melee: Dagger            |   130 |   131 ||   261
 Cast: Corona            |     9 |       ||     9
       Ensorcelled Hiber |    21 |    45 ||    66
 Stab: Sleeping          |    23 |    24 ||    47
  Eat: Chunk             |    14 |    10 ||    24
Armor: Robe              |    17 |     8 ||    25
Dodge: Dodged            |   116 |    96 ||   212
